AoeStats
← Chris

African Clearing

506590873Analyzed
4v4 RM · 18d ago on Sep 14, 2026· 75m 7s· 8 players
Game mode
Random Map
Map size
Large (8 player)
Population
200
Speed
Normal
Resources
Standard
Victory
Conquest
Starting age
Dark Age
Ending age
Imperial Age
RankedLock teamsTeams togetherTeam positionsShared explorationLock speedFull tech treeHidden civsTurbo modeCheats
Victory
Defeat
🇺🇸 Magyars · United States
1374
+15
🇺🇸 Shu · United States
1356
+16
🇸🇪 Burmese · Sweden
1319
+17
🇺🇸 Cumans · United States
1288
+19
🇦🇷 Inca · Argentina
1594
-26
🇨🇴 Chinese · Colombia
1370
-18
🇨🇴 Poles · Colombia
1295
-14
🇲🇽 Maya · Mexico
1142
-9
alexisjcw
6:47 Loom
15:16 Feudal Age
15:44 Town Watch
19:12 Castle Age
17:38 Double-Bit Axe
17:45 Gold Mining
17:38 Horse Collar
19:07 Fletching
19:18 Padded Archer Armor
19:52 Crossbowman
20:33 Bodkin Arrow
21:29 Leather Archer Armor
22:21 Wheelbarrow
27:42 Ballistics
27:51 Stone Mining
33:24 Thumb Ring
41:02 Imperial Age
40:26 Scale Mail Armor
40:36 Forging
41:10 Bow Saw
42:08 Conscription
41:44 Arbalester
42:26 Bracer
43:29 Squires
43:14 Arson
44:10 Ring Archer Armor
43:55 Chain Mail Armor
43:02 Pikeman
44:47 Siege Engineers
45:07 Halberdier
46:41 Fervor
47:24 Plate Mail Armor
48:21 Coiled Serpent Array
58:04 Bolt Magazine
62:10 Chemistry
63:30 Caravan
63:53 Scale Barding Armor
71:12 Chain Barding Armor
70:59 Elite Skirmisher
74:05 Husbandry
73:26 Light Cavalry
75:34 Plate Barding Armor
Chris
10:55 Loom
13:08 Feudal Age
13:52 Double-Bit Axe
13:52 Fishing Lines
15:59 Town Watch
16:50 Wheelbarrow
25:03 Castle Age
23:48 Scale Barding Armor
23:56 Bloodlines
25:06 Light Cavalry
25:47 Husbandry
26:10 Chain Barding Armor
26:27 Bow Saw
26:40 Gillnets
30:16 Horse Collar
32:22 Heavy Plow
38:14 Corvinian Army
41:56 Fletching
46:46 Imperial Age
45:52 Bodkin Arrow
45:57 Padded Archer Armor
49:49 Bracer
50:57 Parthian Tactics
50:50 Leather Archer Armor
52:03 Ring Archer Armor
52:53 Conscription
53:38 Thumb Ring
54:40 Chemistry
54:03 Heavy Cavalry Archer
55:08 Hand Cart
55:45 Ballistics
56:29 Elite Magyar Huszar
60:02 Recurve Bow
60:53 Hussar
61:59 Elite Skirmisher
64:05 Plate Barding Armor
64:25 Scale Mail Armor
65:34 Pikeman
74:31 Two-Man Saw
74:52 Two-Man Saw
BlueIce
3:32 Loom
11:57 Feudal Age
31:27 Double-Bit Axe
34:13 Wheelbarrow
41:00 Castle Age
39:34 Horse Collar
40:51 Scale Barding Armor
41:24 Town Watch
41:53 Bloodlines
42:07 Hand Cart
42:09 Light Cavalry
43:58 Chain Barding Armor
46:26 Forging
48:22 Heavy Plow
50:01 Iron Casting
58:01 Gold Mining
58:01 Stone Mining
58:17 Town Patrol
61:30 Imperial Age
61:41 Hussar
62:59 Plate Barding Armor
62:48 Caravan
65:59 Conscription
66:33 Coinage
69:07 Blast Furnace
69:35 Coinage
70:17 Cavalier
71:45 Murder Holes
72:00 Masonry
74:05 Paladin
Itsalright7
6:16 Loom
12:52 Feudal Age
21:17 Castle Age
24:41 Horse Collar
26:04 Bloodlines
28:32 Town Watch
32:32 Fletching
45:09 Wheelbarrow
44:35 Town Patrol
44:41 Scale Mail Armor
44:52 Forging
44:37 Bodkin Arrow
45:07 Heavy Plow
44:38 Man-at-Arms
45:03 Gambesons
45:19 Squires
45:58 Long Swordsman
47:02 Chain Mail Armor
47:22 Iron Casting
47:33 Hand Cart
50:43 Imperial Age
49:43 Arson
52:25 Plate Mail Armor
52:56 Blast Furnace
51:19 Two-Handed Swordsman
52:39 Conscription
51:47 Onager
52:41 Champion
57:12 Capped Ram
60:13 Bracer
60:36 Ballistics
60:11 Murder Holes
62:05 Pikeman
65:03 Halberdier
65:44 Padded Archer Armor
65:50 Scale Barding Armor
66:47 Chemistry
65:58 Masonry
65:40 Guard Tower
68:47 Caravan
69:18 Coinage
JR | Original Poringo
14:18 Feudal Age
19:00 Castle Age
17:18 Loom
18:15 Double-Bit Axe
18:25 Fletching
20:04 Bow Saw
23:12 Padded Archer Armor
29:05 Bodkin Arrow
35:56 Leather Archer Armor
44:28 Horse Collar
49:26 Imperial Age
49:38 Ballistics
50:47 Elite Plumed Archer
51:31 Bracer
52:01 Ring Archer Armor
55:21 Chemistry
55:55 Heavy Plow
57:36 Masonry
58:59 Crossbowman
59:44 Thumb Ring
59:08 Pikeman
60:15 Arbalester
60:18 Halberdier
66:21 Scale Mail Armor
66:31 Forging
67:01 Caravan
68:09 Chain Mail Armor
68:29 Iron Casting
70:02 Plate Mail Armor
70:32 Blast Furnace
[IMGG]LORDOCT
14:12 Feudal Age
18:10 Castle Age
16:03 Stone Mining
17:13 Loom
19:42 Fletching
28:41 Wheelbarrow
32:59 Double-Bit Axe
37:23 Bodkin Arrow
39:43 Hand Cart
41:02 Masonry
45:07 Pikeman
45:47 Squires
45:49 Scale Mail Armor
47:13 Chain Mail Armor
50:26 Imperial Age
48:28 Forging
49:03 Bow Saw
52:48 Plate Mail Armor
52:54 Iron Casting
52:47 Light Cavalry
53:28 Husbandry
53:38 Bloodlines
54:00 Scale Barding Armor
56:23 Blast Furnace
56:15 Cavalier
57:20 Chain Barding Armor
57:19 Szlachta Privileges
57:36 Conscription
67:58 Winged Hussar
68:58 Gold Mining
[KT] The Best
2:56 Loom
12:10 Feudal Age
13:05 Double-Bit Axe
14:43 Scale Barding Armor
14:26 Horse Collar
16:51 Forging
18:02 Gold Mining
22:57 Castle Age
22:35 Bloodlines
23:33 Fletching
24:24 Gold Shaft Mining
24:36 Thumb Ring
24:54 Padded Archer Armor
25:00 Town Watch
25:42 Husbandry
25:42 Bodkin Arrow
27:17 Wheelbarrow
28:02 Ballistics
28:02 Leather Archer Armor
29:16 Light Cavalry
30:24 Chain Barding Armor
37:28 Bow Saw
37:19 Heavy Plow
39:08 Iron Casting
47:16 Stone Mining
48:47 Hand Cart
48:33 Town Patrol
53:35 Imperial Age
51:51 Masonry
53:28 Scale Mail Armor
54:17 Bracer
54:44 Conscription
55:56 Chain Mail Armor
55:05 Pikeman
55:45 Squires
57:43 Chemistry
62:08 Two-Man Saw
63:47 Elite Fire Lancer
69:26 Plate Mail Armor
69:57 Blast Furnace
iAlejandrouae
4:11 Loom
14:00 Feudal Age
16:02 Horse Collar
24:15 Castle Age
22:17 Double-Bit Axe
26:19 Wheelbarrow
29:44 Stone Mining
30:07 Bow Saw
32:04 Forging
33:36 Coinage
39:33 Imperial Age
37:19 Hand Cart
37:14 Scale Mail Armor
38:11 Chain Mail Armor
39:25 Iron Casting
40:16 Ballistics
40:36 Conscription
40:48 Plate Mail Armor
40:27 Elite Kamayuk
41:23 Sappers
43:23 Blast Furnace
42:28 Heavy Scorpion
44:14 Siege Engineers
45:20 Banking
48:12 Heavy Plow
48:06 Gold Mining
49:45 Chemistry
50:20 Onager
52:32 Fabric Shields
54:09 Caravan
55:00 Capped Ram
57:54 Siege Ram
63:12 Treadmill Crane
63:42 Masonry
64:10 Crop Rotation
68:37 Fletching
69:48 Bodkin Arrow
69:53 Padded Archer Armor
69:55 Andean Sling
71:00 Elite Skirmisher
71:45 Thumb Ring
71:44 Bracer
Connection lost

Rejoining the realm…

Still unreachable

The connection could not be restored.

Session expired

The server has moved on; the page needs a fresh start.